Map: Romanticide LE

Players

Kelazhur

  • Race: Terran Terran

Erik - Winner!

  • Race: Zerg Zerg
  • League: Master

Event: DreamHack SC2 Masters 2021 Summer

VOD

Have the link to the VOD?

Description

Time

  • Played on: May 30, 2021, 6:12 p.m.
  • Length: 11:38

All games in this series

Show
View Real Time Build Order
Export as new Build Order

Kelazhur Terran 

Build Orders: Hellion Opening, Reaper Expand 

Get SALT Encoding   

  12  0:00  SCV  
  13  0:12  SCV  
  14  0:17  Supply Depot  
  14  0:24  SCV  
  15  0:38  SCV  
  15  0:40  Barracks  
  16  0:43  Refinery  
  16  0:50  SCV  
  17  1:03  SCV  
  18  1:15  SCV  
  19  1:27  Orbital Command, Reaper  
  20  1:37  Command Center  
  20  1:45  Supply Depot  
  20  1:54  SCV  
  21  1:59  Marine  
  22  2:03  Factory  
  22  2:06  SCV  
  23  2:12  Refinery  
  23  2:18  SCV  
  23  2:19  Barracks Reactor  
  24  2:30  SCV  
  25  2:42  SCV  
  26  2:48  Starport  
  26  2:51  Orbital Command  
  26  2:55  SCV  
  27  3:00  Hellion x2  
  31  3:07  SCV  
  31  3:08  Barracks Tech Lab  
  32  3:18  SCV  
  33  3:20  Supply Depot, SCV  
  33  3:22  Hellion x2  
  33  3:25  Viking  
  40  3:30  Marauder  
  40  3:32  SCV  
  43  3:43  Hellion x2  
  47  3:48  Supply Depot  
  47  3:51  Marauder  
  51  4:00  Medivac  
  51  4:03  Concussive Shells, Armory  
  51  4:08  Hellion  
  53  4:10  Hellion  
  53  4:12  Marauder  
  53  4:14  Supply Depot, SCV x2  
  59  4:26  SCV x2  
  61  4:36  Hellion x2  
  61  4:38  SCV  
  66  4:40  SCV  
  66  4:41  Supply Depot  
  67  4:50  SCV  
  67  4:52  SCV  
  69  4:54  Command Center  
  67  5:02  SCV  
  67  5:04  SCV  
  65  5:07  Hellion x2  
  59  5:14  Banshee, SCV  
  59  5:16  Barracks Tech Lab, SCV  
  58  5:26  SCV  
  55  5:28  SCV  
  55  5:30  Barracks  
  55  5:33  Barracks  
  54  5:35  Supply Depot  
  54  5:37  Stimpack, Factory Reactor  
  54  5:39  Marauder, SCV  
  54  5:41  SCV  
  58  5:46  Engineering Bay x2  
  58  5:48  Refinery  
  58  5:51  SCV  
  58  5:53  SCV  
  60  5:57  Banshee  
  60  6:01  Marine  
  60  6:03  SCV  
  65  6:06  SCV  
  59  6:15  SCV  
  59  6:16  Hellion x2  
  59  6:17  Marine  
  56  6:18  SCV  
  56  6:23  Marine, Supply Depot  
  56  6:24  Marine  
  57  6:27  Orbital Command  
  44  6:35  Marine  
  35  6:42  SCV  
  35  6:44  Marine  
  32  6:50  Orbital Command, Hellion  
  29  6:56  SCV  
  29  7:00  SCV  
  29  7:08  SCV  
  29  7:12  SCV  
  31  7:18  SCV  
  31  7:20  SCV  
  33  7:24  Combat Shield, SCV  
  33  7:27  Orbital Command  
  34  7:31  Marine  
  34  7:33  SCV  
  34  7:34  Marine x2  
  34  7:36  SCV  
  39  7:40  Marine  
  40  7:45  SCV  
  40  7:48  SCV  
  42  7:54  Marine x3, SCV  
  42  7:57  SCV  
  47  8:00  SCV  
  47  8:02  Marine  
  44  8:09  SCV x2  
  44  8:11  Marine  
  44  8:12  Marine x2  
  46  8:13  SCV  
  46  8:17  Starport Reactor  
  47  8:20  Marine  
  47  8:21  SCV x2  
  47  8:25  SCV  
  51  8:29  Marine  
  51  8:30  Marine x2  
  51  8:33  SCV x2  
  56  8:34  Factory Tech Lab  
  56  8:37  SCV  
  57  8:42  Terran Infantry Weapons Level 1, Terran Infantry Armor Level 1  
  57  8:43  Supply Depot  
  57  8:45  SCV  
  57  8:47  SCV  
  59  8:51  Supply Depot  
  59  8:55  SCV  
  60  8:58  SCV  
  61  9:05  Medivac x2, SCV  
  61  9:06  Supply Depot  
  61  9:08  Refinery  
  61  9:09  Refinery  
  66  9:11  Marine x2  
  66  9:14  Barracks Reactor  
  66  9:15  SCV  
  66  9:16  SCV  
  70  9:17  Marine, SCV  
  72  9:26  Siege Tank  
  75  9:31  SCV  
  75  9:32  Marine x2, SCV  
  75  9:35  Orbital Command, Marine  
  75  9:36  Supply Depot  
  80  9:43  Missile Turret  
  80  9:44  Missile Turret  
  80  9:50  Marine x2  
  82  9:53  Marine x2, SCV  
  82  9:56  Orbital Command  
  82  9:59  Widow Mine, Missile Turret  
  86  10:07  SCV x2  
  86  10:13  Supply Depot  
  85  10:15  Marine x4  
  85  10:16  Marine  
  85  10:19  SCV x2  
  92  10:22  SCV  
  92  10:23  Missile Turret  
  92  10:25  Supply Depot  
  93  10:34  SCV  
  93  10:35  Thor  
  98  10:36  SCV  
  98  10:39  SCV  
  97  10:46  SCV  
  97  10:48  SCV  
  94  10:50  Marine x4, Missile Turret  
  94  10:51  SCV  
  94  10:55  Marine  
  100  10:58  SCV  
  100  11:00  Supply Depot, SCV  
  100  11:03  SCV  
  103  11:06  Barracks  
  103  11:08  Barracks  
  103  11:10  SCV  
  101  11:12  SCV  
  101  11:18  Marine x2  
  73  11:19  Marine x3  
  73  11:22  SCV  
Show
View Real Time Build Order
Export as new Build Order

Erik Zerg - Winner!

Build Orders: Hatch First, Muta Ling Bane 

Get SALT Encoding   

  12  0:02  Drone  
  13  0:12  Overlord  
  13  0:16  Drone  
  14  0:30  Drone x2  
  16  0:48  Hatchery  
  15  0:51  Drone  
  15  0:53  Drone  
  17  0:57  Drone  
  18  1:08  Extractor  
  17  1:12  Spawning Pool  
  17  1:15  Drone  
  17  1:18  Drone  
  18  1:28  Drone  
  19  1:39  Drone  
  20  1:50  Drone  
  21  2:00  Queen x2  
  25  2:01  Zergling x4  
  27  2:13  Hatchery  
  26  2:18  Overlord  
  26  2:22  Drone  
  27  2:24  Drone  
  27  2:29  Metabolic Boost  
  28  2:39  Drone x3  
  30  2:54  Drone x2  
  30  2:55  Queen  
  30  2:57  Overlord  
  33  3:02  Overlord  
  33  3:05  Drone  
  34  3:09  Drone  
  35  3:16  Drone  
  35  3:17  Drone x3  
  39  3:26  Queen  
  39  3:27  Overlord  
  41  3:28  Drone x2  
  43  3:36  Roach Warren  
  43  3:39  Queen  
  44  3:42  Drone  
  44  3:45  Drone x2  
  47  3:49  Drone x2  
  47  3:52  Drone  
  47  3:54  Zergling x2  
  47  3:55  Zergling x2  
  52  4:00  Drone x3  
  55  4:06  Overlord  
  55  4:07  Overlord  
  55  4:10  Extractor  
  54  4:17  Roach  
  54  4:23  Overlord  
  56  4:26  Roach x2  
  56  4:27  Roach x3  
  65  4:33  Roach x3  
  71  4:46  Roach  
  71  4:48  Overlord x3  
  73  4:55  Overlord  
  73  5:06  Roach  
  73  5:07  Roach x5  
  72  5:14  Roach  
  64  5:15  Zergling x2  
  64  5:16  Zergling x6  
  66  5:27  Zergling x2, Extractor  
  66  5:28  Zergling x8  
  68  5:33  Queen x3  
  74  5:37  Zergling x6  
  74  5:42  Drone x3  
  80  5:48  Ravager x2  
  82  5:52  Zergling x6  
  84  6:07  Zergling x6  
  79  6:19  Drone x3  
  79  6:24  Drone x3  
  79  6:33  Lair  
  79  6:34  Drone x3  
  77  6:44  Drone x2  
  77  6:53  Drone  
  70  6:55  Drone x3  
  70  7:01  Extractor  
  72  7:03  Extractor x2  
  72  7:04  Drone  
  72  7:07  Drone  
  72  7:09  Drone x2  
  72  7:10  Drone  
  72  7:12  Drone  
  72  7:13  Drone x2  
  76  7:19  Baneling Nest, Evolution Chamber x2  
  73  7:23  Drone x3  
  76  7:31  Drone x3  
  76  7:34  Spire, Drone  
  76  7:35  Drone x8  
  87  7:38  Spore Crawler  
  86  7:44  Drone  
  86  7:47  Zerg Ground Armor Level 1, Zerg Melee Weapons Level 1  
  83  7:52  Hatchery  
  83  7:54  Drone x3  
  83  7:57  Drone x2  
  82  8:12  Drone x3  
  78  8:21  Zergling x14  
  78  8:22  Centrifical Hooks  
  83  8:32  Drone  
  84  8:38  Overlord  
  84  8:39  Overlord  
  84  8:48  Mutalisk x7  
  84  8:50  Pneumatized Carapace  
  84  8:51  Zerg Flyer Weapons Level 1  
  84  8:55  Overlord  
  98  8:58  Mutalisk x4  
  98  9:01  Mutalisk  
  108  9:03  Zergling x6  
  111  9:10  Queen  
  111  9:12  Baneling x5  
  111  9:13  Baneling x4  
  111  9:16  Zergling x10  
  118  9:21  Zergling x4  
  120  9:26  Zergling x10  
  120  9:30  Zergling x6  
  128  9:32  Baneling x11  
  128  9:35  Overseer  
  128  9:44  Overlord x5  
  128  9:56  Overlord x5  
  128  10:05  Mutalisk x5  
  138  10:10  Zergling x24  
  150  10:20  Overseer, Drone x6  
  156  10:24  Infestation Pit  
  156  10:28  Extractor  
  154  10:29  Extractor  
  154  10:32  Zergling x18  
  159  10:46  Zergling x2  
  159  10:47  Zergling x20  
  168  10:55  Drone x2  
  170  10:57  Baneling x7  
  170  10:58  Baneling x6  
  139  11:20  Zergling x26  
  139  11:21  Zergling x6  
Tags
 
Add a new tag
Caveats
  • Supply blocks, unpowered buildings, or Contaminate may cause inaccurate times.
  • Supply counts are checked every 10 seconds.